[Event "Titled Tuesday Blitz August 22 Late 2023"]
[White "Filip, Andrei"]
[Black "Gallo Garcia, Kemel Antonio"]
[WhiteFideId "1249452"]
[BlackFideId "3523896"]
[WhiteElo "2318"]
[BlackElo "2540"]
[Result "1-0"]
[Round "3"]
[TimeControl "180+1"]
[Date "2023.08.22"]
[WhiteClock "0:00:08"]
[BlackClock "0:00:09"]
[Board "138"]

1. d4 Nf6 2. Bf4 g6 3. Nc3 d5 4. h4 Bg7 5. e3 c6 6. Be2 Qa5 7. Nf3 Ne4 8. Qd3 Bf5 9. g4 Bxg4 10. Nd2 Bf5 11. Ncxe4 Bxe4 12. Qb3 Bxh1 13. Qxb7 O-O 14. Qxa8 Qb6 15. O-O-O Be4 16. f3 Bf5 17. e4 Be6 18. exd5 cxd5 19. a4 Nc6 20. a5 Qxd4 21. Qb7 Qxf4 22. Qxc6 Rc8 23. Qa6 Qb4 24. Nb3 Rc7 25. Qb5 Qf4+ 26. Kb1 h5 27. Qb8+ Kh7 28. Nc5 Qe5 29. Nxe6 fxe6 30. Bd3 Rc8 31. Qxe5 Bxe5 32. Re1 Bf6 33. Rxe6 Rb8 34. b3 Kg7 35. Ra6 Rb7 36. Rc6 Rd7 37. Ka2 Rd6 38. Rc7 Bxh4 39. Rxa7 Bf2 40. Rxe7+ Kf6 41. Rb7 h4 42. a6 h3 43. a7 Rd8 44. Rb8 Bxa7 45. Rxd8 h2 46. Rh8 Bg1 47. b4 Kg7 48. Rh3 g5 49. Bf5 Kf6 50. Bg4 Ke5 51. Kb3 Kd6 52. Ka4 Kc6 53. Kb3 Kb5 54. c3 Kb6 55. c4 d4 56. Bf5 Kc6 57. c5 Kb5 58. Bd3+ Kc6 59. Kc4 Kd7 60. b5 Ke6 61. b6 Ke5 62. b7 Kf4 63. b8=Q+ Ke3 64. Qe5+ Kf2 65. Rxh2+ Bxh2 66. Qxh2+ Kxf3 67. Bf5 Ke3 68. Qg1+ Kd2 69. Qxg5+ Ke2 70. Kxd4 Kf2 71. Qh4+ Kf3 72. Bg4+ Kf4 73. Bf3+ Kf5 74. Qe4+ Kf6 75. c6 Kg5 76. c7 Kh6 77. c8=Q Kg5 78. Qcg4+ Kf6 79. Qeg6+ Ke7 80. Q4e6+ Kd8 81. Qge8+ Kc7 82. Q6c6# 1-0


[Site "https://www.chess.com"]

[Event "Titled Tuesday Blitz August 22 Late 2023"]
[White "Nurgaliyeva, Zarina"]
[Black "Antonio, Jorge Carlos"]
[WhiteFideId "13730096"]
[BlackFideId "113190"]
[WhiteElo "2539"]
[BlackElo "2309"]
[Result "1-0"]
[Round "3"]
[TimeControl "180+1"]
[Date "2023.08.22"]
[WhiteClock "0:00:25"]
[BlackClock "0:01:36"]
[Board "139"]

1. e4 c5 2. Nf3 e6 3. g3 Nc6 4. Bg2 a6 5. O-O d6 6. Qe2 g6 7. e5 d5 8. c3 Bg7 9. d4 c4 10. b3 b5 11. Bg5 Qc7 12. a4 Bb7 13. Nbd2 Nge7 14. h4 h6 15. Bf4 O-O 16. Nh2 Nf5 17. Ng4 Kh7 18. Nf6+ Kh8 19. Bh3 Nce7 20. Nf3 Ng8 21. Qd2 Nxf6 22. exf6 Bxf6 23. Bxc7 Kg7 24. h5 g5 25. Bxf5 exf5 26. Be5 Rfe8 27. Nxg5 hxg5 28. Qxg5+ 1-0


[Site "https://www.chess.com"]

[Event "Titled Tuesday Blitz August 22 Late 2023"]
[White "D`Arruda, Ricardo D."]
[Black "ArmanGhevondyanchess"]
[WhiteFideId "100692"]
[WhiteElo "2538"]
[BlackElo "2307"]
[Result "0-1"]
[Round "3"]
[TimeControl "180+1"]
[Date "2023.08.22"]
[WhiteClock "0:01:22"]
[BlackClock "0:01:57"]
[Board "140"]

1. Nf3 Nf6 2. d4 g6 3. Nc3 d5 4. Bg5 Ne4 5. Bf4 Bg7 6. e3 O-O 7. Nxe4 dxe4 8. Nd2 c5 9. c3 cxd4 10. exd4 f5 11. Bc4+ Kh8 12. O-O Nc6 13. f3 e5 14. dxe5 Nxe5 15. fxe4 Qb6+ 16. Kh1 Ng4 17. Qe2 Qxb2 18. h3 Nf6 19. Be5 Re8 20. Rab1 Qa3 21. Bd4 Nxe4 22. Bxg7+ Kxg7 23. Bd5 Ng3+ 0-1


[Site "https://www.chess.com"]

[Event "Titled Tuesday Blitz August 22 Late 2023"]
[White "Zampronha, Wladimir Camilo"]
[Black "Jovic, Stanoje"]
[WhiteFideId "2103087"]
[BlackFideId "905020"]
[WhiteElo "2307"]
[BlackElo "2535"]
[Result "0-1"]
[Round "3"]
[TimeControl "180+1"]
[Date "2023.08.22"]
[WhiteClock "0:00:05"]
[BlackClock "0:00:40"]
[Board "141"]

1. e4 c6 2. d4 d5 3. e5 c5 4. Nf3 Nc6 5. c4 Bg4 6. cxd5 Bxf3 7. Qxf3 Nxd4 8. Qd1 e6 9. dxe6 fxe6 10. Be3 Ne7 11. Nc3 Nef5 12. Bc4 Be7 13. O-O O-O 14. a4 Bg5 15. Bxg5 Qxg5 16. Ne4 Qh4 17. Ng3 Nxg3 18. hxg3 Qg5 19. Re1 Rf5 20. Qc1 Qh5 21. f4 g5 22. Qe3 Raf8 23. Rf1 gxf4 24. gxf4 Qg4 25. Qe4 Rxf4 26. Rxf4 Rxf4 27. Qxb7 Nf3+ 28. Kf2 Nxe5+ 29. Kg1 Nxc4 30. Qc8+ Kg7 31. Qxc5 Qf5 32. Qxa7+ Kg6 33. Qb7 Ne3 34. Re1 Qc5 35. Kh2 Rh4+ 36. Kg3 Qg5+ 37. Kf2 Ng4+ 38. Kg1 Qc5+ 39. Kf1 Qf2# 0-1


[Site "https://www.chess.com"]

[Event "Titled Tuesday Blitz August 22 Late 2023"]
[White "Sivakumar, Shaaketh"]
[Black "Ai, Evan"]
[WhiteFideId "30940176"]
[BlackFideId "2094770"]
[WhiteElo "2532"]
[BlackElo "2281"]
[Result "1-0"]
[Round "3"]
[TimeControl "180+1"]
[Date "2023.08.22"]
[WhiteClock "0:02:33"]
[BlackClock "0:00:24"]
[Board "142"]

1. Nf3 Nf6 2. g3 d5 3. Bg2 Bf5 4. b4 e6 5. a3 a5 6. b5 Bc5 7. Bb2 Nbd7 8. O-O O-O 9. d3 Qe7 10. Nbd2 e5 11. e4 dxe4 12. Nh4 Bg6 13. Nxg6 hxg6 14. Nxe4 Nxe4 15. Bxe4 Rab8 16. Qf3 b6 17. Rfe1 Bd6 18. d4 f5 19. Bd5+ Kh7 20. dxe5 Nxe5 21. Qg2 Qg5 22. Bxe5 1-0


[Site "https://www.chess.com"]

[Event "Titled Tuesday Blitz August 22 Late 2023"]
[White "Estrada Nieto, Julian"]
[Black "Chemin, Justo Reinaldo"]
[WhiteFideId "5101018"]
[BlackFideId "2101580"]
[WhiteElo "2531"]
[BlackElo "2279"]
[Result "1-0"]
[Round "3"]
[TimeControl "180+1"]
[Date "2023.08.22"]
[WhiteClock "0:00:52"]
[BlackClock "0:00:48"]
[Board "143"]

1. e4 e6 2. d4 d5 3. Nd2 Nf6 4. e5 Nfd7 5. Bd3 c5 6. c3 Nc6 7. Ne2 cxd4 8. cxd4 f6 9. exf6 Nxf6 10. Nf3 Bd6 11. O-O O-O 12. Bf4 Ne4 13. Bxd6 Nxd6 14. Ng3 Qf6 15. Rc1 Bd7 16. a3 Rae8 17. Bb1 g6 18. Re1 h5 19. h4 Nb5 20. Qd2 Nbxd4 21. Nxd4 Nxd4 22. Bxg6 Nf3+ 23. gxf3 Qxg6 24. Re5 Rf5 25. Rxf5 exf5 26. Qxd5+ Be6 27. Qd6 Rf8 28. Re1 Bc8 29. Qxg6+ 1-0


[Site "https://www.chess.com"]

[Event "Titled Tuesday Blitz August 22 Late 2023"]
[White "subham777"]
[Black "Garcia-Castany Musellas, Gal.la"]
[BlackFideId "2241803"]
[WhiteElo "2531"]
[BlackElo "2266"]
[Result "1-0"]
[Round "3"]
[TimeControl "180+1"]
[Date "2023.08.22"]
[WhiteClock "0:00:24"]
[BlackClock "0:00:00"]
[Board "144"]

1. e4 e5 2. Nf3 Nc6 3. Bc4 Bc5 4. c3 Nf6 5. d3 d6 6. Nbd2 a6 7. Nf1 Ba7 8. Ng3 Na5 9. Bd5 c6 10. Bb3 Nxb3 11. axb3 O-O 12. Bg5 h6 13. Bh4 Re8 14. Qd2 d5 15. Nh5 Kh7 16. exd5 e4 17. Nxf6+ gxf6 18. dxe4 Rxe4+ 19. Kf1 Qxd5 20. Qxd5 cxd5 21. Bxf6 Bf5 22. Rd1 Re6 23. Bd4 Bb8 24. Be3 Be4 25. Nd4 Re8 26. h4 Be5 27. h5 Rad8 28. Rh4 Bf6 29. Rf4 Kg7 30. Rg4+ Kh7 31. f3 Bxf3 32. Nxf3 Rxe3 33. Rf4 1-0


[Site "https://www.chess.com"]

[Event "Titled Tuesday Blitz August 22 Late 2023"]
[White "Sarkar, Justin"]
[Black "Fernandez, Nelson Wilfredo"]
[WhiteFideId "2010011"]
[BlackFideId "8401594"]
[WhiteElo "2264"]
[BlackElo "2530"]
[Result "0-1"]
[Round "3"]
[TimeControl "180+1"]
[Date "2023.08.22"]
[WhiteClock "0:00:00"]
[BlackClock "0:00:26"]
[Board "145"]

1. d4 d5 2. c4 e6 3. Nc3 Nf6 4. Bg5 dxc4 5. e4 c5 6. d5 exd5 7. Nxd5 Be7 8. Nxf6+ Bxf6 9. Qxd8+ Bxd8 10. Bxd8 Kxd8 11. Bxc4 Ke7 12. Ne2 Nc6 13. O-O-O Be6 14. Bxe6 Kxe6 15. Rd2 Rhd8 16. Rhd1 Rxd2 17. Rxd2 Rc8 18. f4 f6 19. a3 Na5 20. Kc2 Nc4 21. Rd3 b5 22. Nc3 a6 23. Nd5 Nd6 24. Re3 a5 25. Nc3 b4 26. Nd5 Rc6 27. axb4 cxb4+ 28. Kb3 Nc4 29. Re2 f5 30. Ka4 fxe4 0-1


[Site "https://www.chess.com"]

[Event "Titled Tuesday Blitz August 22 Late 2023"]
[White "Akhayan, Ruben"]
[Black "Keleberda, Tymur"]
[WhiteFideId "204439"]
[BlackFideId "14174294"]
[WhiteElo "2258"]
[BlackElo "2530"]
[Result "0-1"]
[Round "3"]
[TimeControl "180+1"]
[Date "2023.08.22"]
[WhiteClock "0:00:03"]
[BlackClock "0:00:04"]
[Board "146"]

1. e4 e6 2. d4 d5 3. Nc3 Be7 4. exd5 exd5 5. Bd3 Nf6 6. Nge2 O-O 7. O-O c5 8. dxc5 Nbd7 9. Bg5 Nxc5 10. Bxf6 Bxf6 11. Nxd5 Bxb2 12. Rb1 Be5 13. Ng3 g6 14. c4 Nxd3 15. Qxd3 b6 16. Rfe1 Bg7 17. Rbd1 Be6 18. h3 Rc8 19. Ne4 Qh4 20. Ne3 Rfd8 21. Qc2 Bd4 22. Nf1 Rxc4 23. Qe2 Rd7 24. Rd2 Rcc7 25. Nfg3 Bg7 26. Red1 Rxd2 27. Rxd2 Rc1+ 28. Rd1 Rxd1+ 29. Qxd1 h5 30. Qe2 Qf4 31. Nf1 Be5 32. Ned2 Bd6 33. a4 Qxa4 34. Ne4 Be5 35. Ng5 Qd4 36. Nxe6 fxe6 37. Qa2 Qd7 38. Qc2 Kg7 39. Ne3 Bf6 40. g3 b5 41. Qe4 a5 42. g4 b4 43. Qc4 Qe7 44. gxh5 gxh5 45. Kh2 Be5+ 46. Kh1 a4 47. Qc2 b3 48. Qd1 Qg5 49. Ng2 b2 50. Qd7+ Kh6 51. Qb7 Qc1+ 52. Ne1 Qxe1+ 53. Kg2 b1=Q 54. Qf7 Qg6+ 55. Qxg6+ Kxg6 56. h4 Qe2 0-1


[Site "https://www.chess.com"]

[Event "Titled Tuesday Blitz August 22 Late 2023"]
[White "tomobeast"]
[Black "Ansh M Shah"]
[BlackFideId "25033379"]
[WhiteElo "2205"]
[BlackElo "2530"]
[Result "1-0"]
[Round "3"]
[TimeControl "180+1"]
[Date "2023.08.22"]
[WhiteClock "0:00:56"]
[BlackClock "0:01:53"]
[Board "147"]

1. e4 c5 2. Nf3 Nc6 3. d4 cxd4 4. Nxd4 g6 5. c4 Bg7 6. Be3 Nf6 7. Nc3 d6 8. Be2 O-O 9. Qd2 Nxd4 10. Bxd4 Be6 11. Rc1 a6 12. O-O Rc8 13. b3 Qa5 14. Rfd1 Rfe8 15. Bxf6 exf6 16. Nd5 Bxd5 17. Qxa5 1-0


[Site "https://www.chess.com"]

[Event "Titled Tuesday Blitz August 22 Late 2023"]
[White "Osmonbekov, Talaibek"]
[Black "ATM622"]
[WhiteFideId "2017253"]
[WhiteElo "2192"]
[BlackElo "2529"]
[Result "1-0"]
[Round "3"]
[TimeControl "180+1"]
[Date "2023.08.22"]
[WhiteClock "0:00:07"]
[BlackClock "0:00:02"]
[Board "148"]

1. d4 Nf6 2. Nc3 d5 3. Bf4 e6 4. e3 Bb4 5. Bd3 c5 6. dxc5 Bxc5 7. Nf3 O-O 8. O-O a6 9. e4 dxe4 10. Nxe4 Be7 11. Qe2 Nc6 12. c3 Nd5 13. Bg5 h6 14. Bxe7 Qxe7 15. g3 b6 16. Rfe1 Bb7 17. Rad1 Rfd8 18. Bb1 a5 19. c4 Nf6 20. Nxf6+ Qxf6 21. Qe4 g6 22. b3 Rab8 23. Qe3 Ba8 24. Be4 Nb4 25. Bxa8 Rxd1 26. Rxd1 Rxa8 27. a3 Nc2 28. Qe4 Rf8 29. Ne5 Re8 30. Rd7 Rf8 31. Rd2 Nxa3 32. Nd7 Qc3 33. Rd3 Qc1+ 34. Kg2 Rc8 35. Nf6+ Kf8 36. Qe5 Qc2 37. Nd7+ Kg8 38. Nf6+ Kf8 39. Rd7 Rb8 40. Qxb8+ Kg7 41. Qe5 Qf5 42. Ng4+ Kf8 43. Qh8# 1-0


[Site "https://www.chess.com"]

[Event "Titled Tuesday Blitz August 22 Late 2023"]
[White "Capp, Stephen"]
[Black "Grossboss19"]
[WhiteFideId "2027089"]
[WhiteElo "2190"]
[BlackElo "2528"]
[Result "0-1"]
[Round "3"]
[TimeControl "180+1"]
[Date "2023.08.22"]
[WhiteClock "0:00:25"]
[BlackClock "0:01:28"]
[Board "149"]

1. e4 c6 2. Ne2 e5 3. d4 exd4 4. Nxd4 d5 5. e5 Nd7 6. e6 Ndf6 7. exf7+ Kxf7 8. Be2 Bd6 9. Nf3 h6 10. O-O Ne7 11. b3 Ng6 12. Bb2 Re8 13. Nbd2 Nf4 14. Re1 Bg4 15. h3 Bh5 16. Bf1 Qc7 17. Rxe8 Rxe8 18. c4 Ne4 19. Qc2 Bc5 20. Nxe4 dxe4 21. Qc3 Nxh3+ 22. gxh3 Qg3+ 23. Bg2 Bxf2+ 24. Kf1 exf3 25. Qxg7+ Qxg7 26. Bxg7 fxg2+ 27. Kxf2 Re2+ 28. Kg1 Kxg7 0-1


[Site "https://www.chess.com"]

[Event "Titled Tuesday Blitz August 22 Late 2023"]
[White "Ozkan, Taha"]
[Black "Feliz Dotel, Dewar Bienvenido"]
[WhiteFideId "34577173"]
[BlackFideId "6402801"]
[WhiteElo "2526"]
[BlackElo "2169"]
[Result "1-0"]
[Round "3"]
[TimeControl "180+1"]
[Date "2023.08.22"]
[WhiteClock "0:00:36"]
[BlackClock "0:00:00"]
[Board "150"]

1. d4 d5 2. Nf3 e6 3. c4 c5 4. cxd5 exd5 5. Nc3 Nc6 6. Bg5 Be7 7. Bxe7 Ngxe7 8. e3 cxd4 9. Nxd4 O-O 10. Be2 Qb6 11. Nb3 Be6 12. O-O a5 13. Nb5 a4 14. N3d4 Nxd4 15. Qxd4 Qxd4 16. Nxd4 Nc6 17. Rfd1 Rfc8 18. Nb5 Ne5 19. Rac1 Nc4 20. Bxc4 Rxc4 21. Rxc4 dxc4 22. Rd6 h6 23. Kf1 Ra5 24. Nd4 a3 25. Rb6 axb2 26. Rxb2 Bd5 27. f3 c3 28. Rc2 Ra3 29. Kf2 Rxa2 30. Rxa2 Bxa2 31. Ke2 Bc4+ 32. Kd1 b5 33. Kc2 Bf1 34. g3 Bg2 35. Nc6 Bxf3 36. Nb4 g5 37. Kxc3 Kg7 38. Kd4 Kf6 39. e4 Be2 40. Kd5 h5 41. h4 gxh4 42. gxh4 Bc4+ 43. Kd6 Bf1 44. Nd5+ Kg6 45. Ke5 Bg2 46. Nf4+ Kg7 47. Nxg2 f6+ 48. Ke6 b4 49. Ne3 b3 50. Nd1 Kg6 51. Nb2 Kg7 52. Kf5 Kf7 53. Nc4 1-0


[Site "https://www.chess.com"]

[Event "Titled Tuesday Blitz August 22 Late 2023"]
[White "Novikova, Margarita"]
[Black "Lawson, Eric"]
[WhiteFideId "14109689"]
[BlackFideId "2604116"]
[WhiteElo "2167"]
[BlackElo "2526"]
[Result "0-1"]
[Round "3"]
[TimeControl "180+1"]
[Date "2023.08.22"]
[WhiteClock "0:00:00"]
[BlackClock "0:00:30"]
[Board "151"]

1. d4 Nf6 2. Bf4 d6 3. e3 c6 4. Nd2 g6 5. Ngf3 Nh5 6. Bg5 h6 7. Bh4 g5 8. Ng1 Ng7 9. Bg3 Nf5 10. Bd3 Bg7 11. Qf3 Nxg3 12. Qxg3 Nd7 13. h4 Qa5 14. Nf3 f6 15. Bg6+ Kd8 16. Bf7 Rf8 17. Bb3 b5 18. hxg5 fxg5 19. O-O Nb6 20. c3 Bf5 21. e4 Bd7 22. e5 d5 23. Rfe1 e6 24. Bc2 Kc7 25. Nb3 Qa6 26. Nc5 Qc8 27. a4 a5 28. axb5 cxb5 29. Bd3 a4 30. Qh3 Nc4 31. Bxc4 bxc4 32. Ra2 Rf4 33. Rea1 Bf8 34. Nxa4 Qa6 35. Nc5 Qxa2 36. Rxa2 Rxa2 37. Nxe6+ Kc8 38. Nxf4 Bxh3 39. Nxh3 g4 40. Nf4 gxf3 41. gxf3 Ra5 42. e6 Kd8 43. Ng6 Be7 44. f4 Rb5 45. f5 Rxb2 46. Ne5 Bf6 47. Ng4 Ke7 48. Nxh6 Rc2 49. Ng8+ Kd6 50. Nxf6 Rxc3 51. Ng8 Rf3 52. Nh6 c3 53. Kg2 Rf4 54. Kg3 c2 0-1


[Site "https://www.chess.com"]

[Event "Titled Tuesday Blitz August 22 Late 2023"]
[White "Hartikainen, Jarmo"]
[Black "Lima, Kleyton Alcantara"]
[WhiteFideId "503134"]
[BlackFideId "22718397"]
[WhiteElo "2107"]
[BlackElo "2525"]
[Result "0-1"]
[Round "3"]
[TimeControl "180+1"]
[Date "2023.08.22"]
[WhiteClock "0:00:04"]
[BlackClock "0:00:30"]
[Board "152"]

1. e4 c5 2. c3 Nf6 3. e5 Nd5 4. d4 cxd4 5. Nf3 e6 6. cxd4 d6 7. Nc3 Nxc3 8. bxc3 Qc7 9. Bd2 Nd7 10. exd6 Bxd6 11. Bd3 Nf6 12. Qe2 b6 13. Bb5+ Bd7 14. Bxd7+ Nxd7 15. O-O O-O 16. a4 Rac8 17. a5 bxa5 18. Qa6 Nb6 19. Qxa5 Nc4 20. Qxa7 Nxd2 21. Nxd2 Bxh2+ 22. Kh1 Qxc3 23. Nf3 Bf4 24. Qa3 Qc7 25. Rfe1 Rfd8 26. Qd3 h6 27. Qe4 Bd6 28. Rad1 Qc3 29. g3 Bf8 30. Kg2 Qb2 31. Rd2 Qb8 32. Rh1 Qa8 33. Qxa8 Rxa8 34. Rh5 Rd7 35. d5 Rad8 36. Kf1 exd5 37. Ke2 d4 38. Rd3 Rc8 39. Rh4 Rc2+ 40. Rd2 d3+ 41. Kd1 Rxd2+ 42. Kxd2 Bc5 43. Ne5 Ra7 44. Nxd3 Ra2+ 45. Kc3 Bxf2 46. Rh2 Ra3+ 47. Kd2 Bd4 48. Rg2 Ra2+ 0-1


[Site "https://www.chess.com"]

[Event "Titled Tuesday Blitz August 22 Late 2023"]
[White "Radovic, Luka"]
[Black "Zaczek, Jonathon"]
[WhiteFideId "911569"]
[BlackFideId "2607123"]
[WhiteElo "2524"]
[BlackElo "2108"]
[Result "1-0"]
[Round "3"]
[TimeControl "180+1"]
[Date "2023.08.22"]
[WhiteClock "0:01:41"]
[BlackClock "0:00:51"]
[Board "153"]

1. Nf3 Nf6 2. c4 g6 3. g3 Bg7 4. Bg2 d5 5. cxd5 Nxd5 6. O-O c5 7. Nc3 Nc7 8. e3 Nc6 9. d4 cxd4 10. exd4 e6 11. Bg5 Bf6 12. Bxf6 Qxf6 13. Ne4 Qe7 14. Qd2 O-O 15. Qh6 Nd5 16. Nc3 Qf6 17. Nxd5 exd5 18. Rfe1 Be6 19. Ng5 Qg7 20. Qxg7+ Kxg7 21. Rxe6 h6 22. Rxc6 bxc6 23. Nf3 Rab8 24. b3 Rfc8 25. Rc1 c5 26. dxc5 Rb5 27. c6 Rb6 28. Nd4 Rb4 29. Rd1 a5 30. Bxd5 Rd8 31. Bc4 Rb6 32. Ne6+ fxe6 33. Rxd8 Rxc6 34. f4 1-0


[Site "https://www.chess.com"]

[Event "Titled Tuesday Blitz August 22 Late 2023"]
[White "Mr_November18"]
[Black "Poltorak, Sebastian"]
[BlackFideId "1199498"]
[WhiteElo "1971"]
[BlackElo "2522"]
[Result "0-1"]
[Round "3"]
[TimeControl "180+1"]
[Date "2023.08.22"]
[WhiteClock "0:00:20"]
[BlackClock "0:00:41"]
[Board "154"]

1. e4 c6 2. d4 d5 3. f3 e6 4. Nc3 Nd7 5. Be3 b5 6. a3 b4 7. axb4 Bxb4 8. Bd2 Ne7 9. Bd3 O-O 10. Nge2 Bb7 11. O-O c5 12. dxc5 Nxc5 13. exd5 Nxd3 14. cxd3 Nxd5 15. Nxd5 Bxd2 16. Qxd2 Qxd5 17. Nc3 Qd4+ 18. Kh1 Rfd8 19. Rfd1 a6 20. Qg5 Rac8 21. h3 Rc5 22. Qg3 Rf5 23. Ra4 Qb6 24. Rg4 g6 25. Ne4 Bd5 26. Qh4 Bxe4 27. fxe4 Rh5 28. Qg3 Qxb2 29. Rf4 Rc5 30. Rdf1 Rd7 31. R4f2 Qb7 32. Rf4 Qc7 33. Qf3 Rc1 34. Rxc1 Qxc1+ 35. Kh2 Qc7 36. Kg1 Qe5 37. Kf2 Rb7 38. Kg1 Rb1+ 39. Kh2 g5 0-1


[Site "https://www.chess.com"]

[Event "Titled Tuesday Blitz August 22 Late 2023"]
[White "cthake"]
[Black "Vovk, Orest"]
[BlackFideId "14113490"]
[WhiteElo "1844"]
[BlackElo "2522"]
[Result "0-1"]
[Round "3"]
[TimeControl "180+1"]
[Date "2023.08.22"]
[WhiteClock "0:00:30"]
[BlackClock "0:01:29"]
[Board "155"]

1. e4 g6 2. d4 Nf6 3. Nc3 d5 4. e5 Ne4 5. Bd3 Nxc3 6. bxc3 c5 7. Nf3 Bg4 8. O-O Nc6 9. Be3 Qb6 10. Rb1 Qc7 11. h3 Bxf3 12. Qxf3 c4 13. Be2 e6 14. Bg5 Be7 15. Bf6 Bxf6 16. Qxf6 O-O 17. h4 b6 18. h5 Qe7 19. Qf4 f5 20. hxg6 hxg6 21. g4 g5 22. Qh2 f4 23. Qh5 Kg7 24. Qh3 Rh8 25. Qg2 Rh4 26. Bf3 Rd8 27. Rfe1 Qa3 28. Be2 Qxc3 29. Rbd1 Nxd4 30. f3 Qe3+ 31. Kf1 Rdh8 32. Bxc4 Rh1+ 33. Qxh1 Rxh1+ 34. Kg2 Qxf3# 0-1


[Site "https://www.chess.com"]

[Event "Titled Tuesday Blitz August 22 Late 2023"]
[White "Sala, Giulia"]
[Black "Burke, Paul"]
[WhiteFideId "2840451"]
[BlackFideId "2605767"]
[WhiteElo "2321"]
[BlackElo "1857"]
[Result "1-0"]
[Round "3"]
[TimeControl "180+1"]
[Date "2023.08.22"]
[WhiteClock "0:01:13"]
[BlackClock "0:00:40"]
[Board "156"]

1. d4 a6 2. e4 d6 3. Be3 g6 4. Qd2 h6 5. Nc3 Bg7 6. f3 Nd7 7. h4 e5 8. d5 Ne7 9. g4 f5 10. gxf5 gxf5 11. O-O-O f4 12. Bf2 Nf6 13. a4 Bd7 14. b3 O-O 15. Kb2 Qe8 16. a5 b6 17. axb6 cxb6 18. Ra1 b5 19. Nge2 Kh7 20. Bh3 Bxh3 21. Rxh3 b4 22. Na4 Nfxd5 23. exd5 e4+ 24. Bd4 Qg6 25. Rg1 Bxd4+ 26. Qxd4 Qf6 27. fxe4 f3 28. Rxf3 1-0


[Site "https://www.chess.com"]

[Event "Titled Tuesday Blitz August 22 Late 2023"]
[White "Antonios, Johnny"]
[Black "Proleiko, Julian"]
[WhiteFideId "5300843"]
[BlackFideId "30900255"]
[WhiteElo "2390"]
[BlackElo "2588"]
[Result "1-0"]
[Round "3"]
[TimeControl "180+1"]
[Date "2023.08.22"]
[WhiteClock "0:00:32"]
[BlackClock "0:00:03"]
[Board "157"]

1. e4 e5 2. Nf3 d6 3. d4 exd4 4. Nxd4 Nf6 5. Nc3 Be7 6. g3 O-O 7. Bg2 Re8 8. O-O c6 9. h3 a5 10. Re1 Na6 11. b3 Bf8 12. Bb2 Nc5 13. Kh2 a4 14. Rb1 g6 15. f4 Bg7 16. Qd2 h5 17. Rbd1 axb3 18. axb3 h4 19. g4 Ne6 20. Nxe6 Bxe6 21. Qxd6 Qb6 22. e5 Red8 23. Na4 Nxg4+ 24. hxg4 Qf2 25. Qb4 Bxg4 26. Rxd8+ Rxd8 27. Qc3 Rd2 28. Rg1 Bh6 29. e6 Bxf4+ 30. Kh1 Qxg1+ 31. Kxg1 Rd1+ 32. Kf2 Bg3+ 33. Ke3 fxe6 34. Qg7# 1-0


[Site "https://www.chess.com"]

[Event "Titled Tuesday Blitz August 22 Late 2023"]
[White "kaanadayhamle"]
[Black "Bettalli, Francesco"]
[BlackFideId "2816453"]
[WhiteElo "2361"]
[BlackElo "2520"]
[Result "1-0"]
[Round "3"]
[TimeControl "180+1"]
[Date "2023.08.22"]
[WhiteClock "0:01:19"]
[BlackClock "0:01:48"]
[Board "158"]

1. e4 e5 2. Nf3 Nf6 3. Nxe5 Nc6 4. Nxc6 dxc6 5. Nc3 Bc5 6. Be2 h5 7. d3 Ng4 8. Bxg4 hxg4 9. Qe2 Qd6 10. g3 Be6 11. Bf4 Qd4 12. Be3 Qb4 13. Bxc5 Qxb2 14. Kd2 Rxh2 15. Rhb1 Qxa1 16. Rxa1 b6 17. Be3 c5 18. Nd5 O-O-O 19. Bf4 c6 20. Nc3 c4 21. Be3 cxd3 22. cxd3 Bc4 23. Qxg4+ Kb7 24. d4 g6 25. a4 Be6 26. Qe2 f5 27. a5 fxe4 28. axb6 axb6 29. Qa6+ Kc7 30. Qa7+ Kd6 31. Bf4# 1-0


[Site "https://www.chess.com"]

[Event "Titled Tuesday Blitz August 22 Late 2023"]
[White "Figorito, Nick"]
[Black "Loay, Sameer"]
[WhiteFideId "30923689"]
[BlackFideId "8104239"]
[WhiteElo "2359"]
[BlackElo "2517"]
[Result "0-1"]
[Round "3"]
[TimeControl "180+1"]
[Date "2023.08.22"]
[WhiteClock "0:00:07"]
[BlackClock "0:02:01"]
[Board "159"]

1. Nf3 Nf6 2. g3 g6 3. Bg2 Bg7 4. O-O O-O 5. c4 d6 6. Nc3 e5 7. d3 c6 8. e4 a6 9. b4 Nbd7 10. a4 a5 11. b5 Nc5 12. Ba3 Re8 13. Re1 Ne6 14. d4 exd4 15. Nb1 c5 16. Nbd2 Ng4 17. h3 Ne5 18. Nxe5 dxe5 19. Nb3 b6 20. Nc1 Nf8 21. Nd3 Be6 22. Rc1 Nd7 23. Rc2 f6 24. Bc1 Qe7 25. Bd2 Qf7 26. Qc1 Rad8 27. Bf1 f5 28. exf5 gxf5 29. Bg5 Rc8 30. Bh6 e4 31. Nb2 d3 32. Bxg7 Qxg7 33. Rd2 Ne5 34. Bg2 h5 35. h4 Rcd8 36. Kh2 Ng4+ 37. Kg1 Bf7 38. Nd1 Qd4 39. Bh3 Qxc4 40. Qxc4 Bxc4 41. Bxg4 hxg4 42. Ne3 Be6 43. Rc1 Rd4 0-1


[Site "https://www.chess.com"]

[Event "Titled Tuesday Blitz August 22 Late 2023"]
[White "Real_taiatai"]
[Black "Dubreuil, Julien"]
[BlackFideId "621285"]
[WhiteElo "2516"]
[BlackElo "2340"]
[Result "0-1"]
[Round "3"]
[TimeControl "180+1"]
[Date "2023.08.22"]
[WhiteClock "0:02:36"]
[BlackClock "0:02:15"]
[Board "160"]

1. e4 c5 2. Nf3 Nc6 3. Bb5 g6 4. Bxc6 dxc6 5. c3 Nf6 6. O-O Nxe4 7. d4 Bg7 8. Re1 Nf6 9. dxc5 O-O 10. Qa4 Bg4 11. Ne5 Be6 12. Nd2 Nd7 13. Nxd7 Qxd7 14. Nf3 Bd5 15. Qf4 f6 16. Nd4 e5 17. Qh4 exd4 18. cxd4 Rae8 19. Be3 g5 20. Qg3 h5 21. h4 Qg4 22. Qc7 Qxg2# 0-1


[Site "https://www.chess.com"]

[Event "Titled Tuesday Blitz August 22 Late 2023"]
[White "Janaszak, Dawid"]
[Black "Battlecruiser_Operational"]
[WhiteFideId "1119206"]
[WhiteElo "2508"]
[BlackElo "2358"]
[Result "1-0"]
[Round "3"]
[TimeControl "180+1"]
[Date "2023.08.22"]
[WhiteClock "0:00:40"]
[BlackClock "0:00:00"]
[Board "161"]

1. e4 e6 2. b3 d5 3. Bb2 dxe4 4. Nc3 Nf6 5. Qe2 Nc6 6. O-O-O Nd4 7. Qe1 a5 8. a4 Bb4 9. Nxe4 b5 10. Nf3 Nxf3 11. gxf3 bxa4 12. Bb5+ Bd7 13. Nxf6+ gxf6 14. Bxa4 Bxa4 15. bxa4 Rb8 16. Qe4 Qd7 17. d4 Qxa4 18. d5 Qa2 19. dxe6 fxe6 20. Qc6+ Kf7 21. Rd7+ Kf8 22. Qxc7 Qxb2+ 23. Kxb2 Bd6+ 24. Qb7 Rxb7+ 25. Rxb7 Be7 26. Rd1 Kf7 27. Rdd7 Re8 28. Kb3 e5 29. Ka4 Ke6 30. Kxa5 Bc5 31. Rxh7 Bxf2 32. c4 Rc8 33. Kb4 Bc5+ 34. Kb5 Bd4 35. Rhc7 Ra8 36. c5 Ra2 37. c6 Rxh2 38. Rf7 Rb2+ 39. Kc4 Rc2+ 40. Kd3 Rxc6 41. Rbe7+ Kf5 42. Rc7 Rxc7 43. Rxc7 Kf4 44. Ke2 f5 45. Rh7 e4 46. fxe4 Kxe4 47. Rh4+ f4 48. Rh7 Be5 49. Re7 Kf5 50. Re8 Bd6 51. Rd8 Be5 52. Kf3 Bc7 53. Rd7 Be5 54. Rb7 Bd6 55. Rb5+ Be5 56. Ra5 Kf6 57. Ke4 Bc7 58. Ra6+ Kg5 59. Ra7 Bd6 60. Rg7+ Kf6 61. Rg1 Bc7 62. Rc1 Bd6 63. Rc6 Ke7 64. Kd5 Bb8 65. Rb6 Bc7 66. Rb7 Kd8 67. Kc6 Be5 68. Rf7 Ke8 69. Rf5 Bb8 70. Kd5 Ke7 71. Ke4 Bc7 72. Rb5 Ke6 73. Rb7 Bd6 74. Rh7 Kf6 75. Rh6+ Ke7 76. Kd5 Bc7 77. Rh7+ Kd8 78. Kc6 Be5 79. Rh5 Bf6 80. Rf5 Be7 81. Rxf4 Ke8 82. Kd5 Kd7 83. Rf7 Ke8 84. Rh7 Kd7 85. Rg7 Ke8 86. Ke6 Bf8 87. Rb7 Be7 88. Rb8+ Bd8 89. Ra8 1-0


[Site "https://www.chess.com"]